 Dungeon Crawl Stone Soup version 0.21.0-37-g46506fa (webtiles) character file.

14521 Monsterracer the Gouger (level 11, -21/54 HPs)
             Began as a Felid Berserker on Jan 31, 2018.
             Was a Priest of Trog.
             Demolished by Rupert
             ... wielding a +2 executioner's axe of electrocution
              (26 damage)
             ... on level 4 of the Lair of Beasts.
             The game lasted 00:45:04 (18541 turns).

Monsterracer the Gouger (Felid Berserker)          Turns: 18541, Time: 00:45:05

Health: -21/54     AC:  5    Str: 13    XL:     11   Next: 89%
Magic:  17/17      EV: 38    Int:  9    God:    Trog [***...]
Gold:   1078       SH:  0    Dex: 25    Spells: 10/10 levels left
                                        Lives:  0   Deaths: 3

rFire    . . .     SeeInvis +     - Unarmed
rCold    + . .     Gourm    .   (shield unavailable)
rNeg     . . .     Faith    .   (armour unavailable)
rPois    +         Spirit   .   (helmet unavailable)
rElec    .         Reflect  .   (cloak unavailable)
rCorr    .         Harm     .   (gloves unavailable)
MR       +....                  (boots unavailable)
Stlth    +++++++...             (no amulet)
HPRegen  0.18/turn              o - +2 ring of protection {=R}
MPRegen  0.15/turn              n - ring of poison resistance {!d}

@: agile, berserk cooldown, quick
A: very small, no armour, no weapons or thrown items, stealth, claws 1, fangs 3,
see invisible, carnivore, speed 1, shaggy fur 3, slow metabolism 1, sharp paws
a: Berserk, Trog's Hand, Burn Spellbooks, Renounce Religion


You were on level 4 of the Lair of Beasts.
You worshipped Trog.
Trog was most pleased with you.
You were very full.

You visited 4 branches of the dungeon, and saw 17 of its levels.

You collected 1078 gold pieces.

Inventory:

Jewellery
 e - a +4 ring of strength
 n - a ring of poison resistance (right paw) {!d}
 o - a +2 ring of protection (left paw) {=R}
 r - an uncursed ring of protection from fire {!d}
Wands
 m - a wand of iceblast (36)
 v - a wand of polymorph (12)
Scrolls
 a - 7 scrolls of remove curse
 d - 3 scrolls of identify
 g - 8 scrolls of teleportation
 t - a scroll of fog
Potions
 b - 2 potions of brilliance
 f - 5 potions of curing
 h - a potion of ambrosia {!q}
 i - a potion of berserk rage {!q}
 j - 4 potions of flight
 k - a potion of agility
 l - 4 potions of mutation {!q}
 p - 2 potions of might
 s - 2 potions of magic
 w - 2 potions of haste
Miscellaneous
 q - a box of beasts
Comestibles
 c - 37 rations
 u - 2 chunks of flesh


   Skills:
 + Level 10.3 Fighting
 + Level 13.0 Dodging
 + Level 13.4 Stealth
 * Level 14.6 Unarmed Combat
 + Level 7.3 Evocations


You had 10 spell levels left.
You didn't know any spells.

Dungeon Overview and Level Annotations

Branches:
Dungeon (10/15)            Temple (0/1) D:5            Lair (5/6) D:9
  Swamp (1/4) Lair:3        Snake (1/4) Lair:2          Orc (0/2) D:10
  Slime: Lair:5-6

Altars:
Dithmenos
Hepliaklqana
Makhleb
Sif Muna
Wu Jian
Xom

Annotations:
Lair:4 Rupert


Innate Abilities, Weirdness & Mutations

You cannot wear armour.
You are incapable of wielding weapons or throwing items.
Your paws allow you to move quietly. (Stealth)
You have sharp claws.
You have razor-sharp teeth.
You have supernaturally acute eyesight. (SInv)
You are carnivorous and can eat meat at any time.
You cover ground quickly.
Your thick and shaggy fur keeps you warm. (AC +3, rC+)
You have a slow metabolism.
Your sharp claws are effective at attacking unaware monsters.


Message History

You take 1 damage, and have 53/81 hp.
You claw the black mamba!
The black mamba is almost dead.
The black mamba bites you!
You take 12 damage, and have 41/81 hp.
You mangle the black mamba!!
You kill the black mamba!
Trog accepts your kill.
You see here a black mamba corpse.
You feel a strong urge to attack something.
There is a stone staircase leading up, spattered with blood here.
You start resting.
Eating one of 3 chunks of flesh.
You eat one of the 3 chunks of flesh.
This raw flesh tastes great.
You are no longer berserk.
You are exhausted.
You feel yourself slow down.
You feel sick.
You now have 27/54 hp.
You start resting.
A queen bee comes into view.
A queen bee is nearby!
Unknown command.
A queen bee is nearby!
You feel sick.
There is a stone staircase leading up, spattered with blood here.
You take 1 damage, and have 27/54 hp.
You climb upwards.
Level annotation: Rupert Rupert shouts!
You feel sick.
There is a stone staircase leading down here.
Rupert is nearby!
Rupert roars wildly at you.
You suddenly lose the ability to move!
Rupert roars wildly at you.
You are confused.
You can move again.
Okay, then.
You feel sick.
Rupert screams, "Die, monster!"
You take 1 damage, and have 26/54 hp.
You feel better.
Rupert roars madly and goes into a rage!
Rupert goes berserk!
You regained 7 hp, and now have 34/54 hp.
Your polar bear goes berserk!
You feel quite a bit less full. Rupert barely misses you.
Rupert hits your polar bear with an executioner's axe of electrocution!!
Rupert barely misses you.
Rupert hits your polar bear with an executioner's axe of electrocution!
Your polar bear bites Rupert!!
Your polar bear claws Rupert. x2
Rupert hits your polar bear with an executioner's axe of electrocution.
Lightning courses through your polar bear!
Your polar bear bites Rupert!
Your polar bear barely misses Rupert. x2
Your polar bear bites Rupert.
Your polar bear barely misses Rupert.
Your polar bear claws Rupert.
Rupert hits your polar bear with an executioner's axe of electrocution!!
Your polar bear dies!
Your polar bear's corpse disappears in a puff of smoke!
Rupert shouts!
Okay, then.
Evoke which item? (* to show all) (? for menu, Esc to quit)
Aiming: Polymorph
Press: ? - help, Shift-Dir - straight line, f - Rupert
Aim: Rupert, wielding an executioner's axe of electrocution and wearing a runed ring mail (moderately wounded, berserk, fast, unusually strong, chance to defeat MR: 8%)
Okay, then.
You fail to use your ability.
You feel yourself speed up.
You fail to use your ability.
Rupert completely misses you.
You fail to use your ability.
Rupert barely misses you.
Your polar bear goes berserk!
You can no longer call in reinforcements.
Rupert completely misses you.
Rupert hits your polar bear with an executioner's axe of electrocution!!
Okay, then.
You feel agile all of a sudden. Rupert misses you.
Rupert hits your polar bear with an executioner's axe of electrocution!
Your polar bear bites Rupert.
Your polar bear barely misses Rupert.
Your polar bear claws Rupert but does no damage.
You claw Rupert! You claw Rupert.
Rupert is moderately wounded.
Rupert hits you with an executioner's axe of electrocution!!
Ouch! That really hurt!
* * * LOW HITPOINT WARNING * * *
Rupert hits your polar bear with an executioner's axe of electrocution!!
Your polar bear bites Rupert.
Your polar bear claws Rupert but does no damage.
Your polar bear barely misses Rupert.
You take 31 damage, and have 5/54 hp.
MASSIVE DAMAGE!!
You catch the helpless Rupert completely off-guard!
You eviscerate Rupert!!! Your bite misses Rupert.
Rupert is heavily wounded.
Your polar bear closely misses Rupert.
Your polar bear claws Rupert.
Your polar bear claws Rupert but does no damage.
Rupert hits your polar bear with an executioner's axe of electrocution!!
Your polar bear dies!
Your polar bear's corpse disappears in a puff of smoke!
Rupert hits you with an executioner's axe of electrocution!!
You die...

......# ##.......#
.....## ##.....#..#
......# #.#.......#
.....## #........##
......## #.#...####
.......#### ##...##
P.........# ##..###
#........P#######..##
...........##.#@@.##
##............ยง..P#
##..........>....##
#.#............P##
###.........#<###
##........#..#
#...........##
##.....##.##.##
#....#######..#


You could see Rupert (berserk).

Vanquished Creatures
  Gastronok (D:9)
  Kirke (Lair:5)
  Fannar (Lair:2)
  2 hydras
  Harold (Lair:3)
  A catoblepas (Lair:2)
  Erica (Lair:2)
  A fire crab (Lair:4)
  Pikel (D:6)
  5 black mambas
  Psyche (D:8)
  A centaur skeleton (D:10)
  A torpor snail (Lair:5)
  4 komodo dragons
  8 spiny frogs
  2 rime drakes (Lair:5)
  A troll (D:9)
  14 blink frogs
  2 polar bears
  7 hippogriffs
  5 dream sheep
  2 spriggans
  A wyvern (Lair:5)
  3 basilisks
  A human (D:7)
  17 yaks
  6 hogs
  4 vampire mosquitoes
  16 water moccasins
  12 porcupines
  2 sky beasts
  A slave (D:6)
  An ice beast (D:6)
  5 orc warriors
  5 black bears
  2 phantoms
  3 ogres
  9 wolves
  4 centaurs
  12 crocodiles
  The ghost of Zorot the Magician, an amateur DEFE (D:3)
  A big kobold (D:7)
  Blork the orc (D:6)
  7 bullfrogs
  A scorpion (D:6)
  23 killer bees
  2 howler monkeys (D:7)
  6 crimson imps
  A centaur zombie (D:7)
  4 orc priests
  Crazy Yiuf (D:3)
  9 hounds
  An iguana (D:5)
  5 orc wizards
  3 worker ants
  2 worker ant zombies
  3 gnolls (D:3)
  11 adders
  A shadow imp (D:8)
  An adder zombie (D:3)
  An adder skeleton (D:6)
  2 worms
  A dart slug (D:1)
  2 leopard geckos
  20 orcs
  5 bats
  5 giant cockroaches
  4 goblins
  5 hobgoblins
  2 jackals (D:2)
  2 quokkas
  A ball python (D:2)
  6 frilled lizards
  12 kobolds
  2 leopard gecko skeletons (D:4)
  2 quokka skeletons
  7 rats
330 creatures vanquished.

Vanquished Creatures (collateral kills)
  A hydra (Lair:3)
  2 oklob plants (Lair:3)
  A meliai (Lair:5)
  4 yaks (Lair:2)
  3 vampire mosquitoes (Lair:3)
  A water moccasin (Lair:3)
  A porcupine (Lair:2)
  4 killer bees (Lair:5)
17 creatures vanquished.

Vanquished Creatures (others)
  A slave (D:6)
  An ogre (D:6)
  A jelly (D:10)
  A quokka (D:6)
  A bush (Lair:3)
  14 fungi
  4 plants
23 creatures vanquished.

Grand Total: 370 creatures vanquished

Notes
Turn   | Place    | Note
-------+----------+-------------------------------------------
     0 | D:1      | Monsterracer the Felid Berserker began the quest for the Orb.
     0 | D:1      | Reached XP level 1. HP: 10/10 MP: 2/2
   214 | D:1      | HP: 4/10 [rat (2)]
   254 | D:1      | Reached XP level 2. HP: 6/14 MP: 3/3
   922 | D:2      | Reached skill level 4 in Unarmed Combat
   933 | D:2      | Reached ** piety under Trog
   960 | D:2      | Found a shimmering altar of Xom.
  1374 | D:3      | Noticed Zorot's ghost (amateur DEFE)
  1386 | D:3      | Killed Zorot's ghost
  1386 | D:3      | Reached skill level 5 in Unarmed Combat
  1386 | D:3      | Reached XP level 3. HP: 13/17 MP: 4/4
  1386 | D:3      | Reached XP level 4. HP: 17/21 MP: 5/5
  1620 | D:3      | HP: 10/31 [gnoll/halberd (6)]
  1622 | D:3      | Slain by a gnoll
  1623 | D:3      | Reached XP level 3. HP: -2/25 MP: 4/4
  1659 | D:3      | Reached XP level 4. HP: 21/21 MP: 5/5
  1666 | D:3      | Found a burning altar of Makhleb.
  1744 | D:3      | Reached skill level 6 in Unarmed Combat
  1854 | D:3      | Found a runed door.
  1858 | D:3      | Noticed Crazy Yiuf
  1944 | D:3      | Killed Crazy Yiuf
  2034 | D:3      | Reached XP level 5. HP: 24/24 MP: 6/6
  2176 | D:4      | Reached *** piety under Trog
  2193 | D:4      | Reached skill level 1 in Stealth
  2294 | D:4      | HP: 10/36 [orc priest/divine providence (12)]
  2295 | D:4      | Gained mutation: You are covered in thick fur. (AC +2) [Felid growth]
  2295 | D:4      | Reached XP level 6. HP: 12/28 MP: 7/7
  2795 | D:4      | Reached skill level 7 in Unarmed Combat
  3221 | D:5      | Entered Level 5 of the Dungeon
  3229 | D:5      | Reached skill level 5 in Dodging
  3237 | D:5      | Reached XP level 7. HP: 27/31 MP: 8/8
  3403 | D:5      | Found a shadowy altar of Dithmenos.
  3631 | D:5      | Found a staircase to the Ecumenical Temple.
  3916 | D:6      | HP: 13/32 [centaur/arrow (14)]
  4129 | D:5      | Reached **** piety under Trog
  4129 | D:5      | Reached skill level 8 in Unarmed Combat
  4129 | D:5      | Reached XP level 8. HP: 36/36 MP: 9/9
  4154 | D:6      | Noticed Pikel
  4162 | D:6      | Noticed Blork the orc
  4168 | D:6      | Killed Pikel
  4168 | D:6      | Reached skill level 5 in Fighting
  4168 | D:6      | Reached skill level 5 in Stealth
  4204 | D:6      | Killed Blork the orc
  5168 | D:7      | Reached skill level 9 in Unarmed Combat
  5272 | D:7      | Reached XP level 9. HP: 40/40 MP: 10/10
  5959 | D:7      | Reached skill level 10 in Unarmed Combat
  6184 | D:7      | You fall through a shaft for 3 floors!
  6184 | D:10     | Entered Level 10 of the Dungeon
  6184 | D:10     | Noticed a two-headed ogre
  6190 | D:10     | Found a staircase to the Orcish Mines.
  6434 | D:9      | Found a burning altar of Makhleb.
  6567 | D:9      | Found a staircase to the Lair.
  6572 | D:9      | Noticed Gastronok
  6605 | D:9      | Reached XP level 10. HP: 26/46 MP: 11/11
  6942 | Lair:1   | Entered Level 1 of the Lair of Beasts
  7517 | D:9      | HP: 22/69 [Gastronok (16)]
  7521 | D:9      | Killed Gastronok
  7521 | D:9      | Reached skill level 11 in Unarmed Combat
  7770 | D:8      | Found a deep blue altar of Sif Muna.
  7936 | D:8      | Reached skill level 10 in Dodging
  8003 | D:8      | Reached ***** piety under Trog
  8367 | D:8      | Found a hazy altar of Hepliaklqana.
  8368 | D:8      | Noticed Psyche
  8374 | D:8      | Killed Psyche
  8374 | D:8      | Reached skill level 10 in Stealth
  8446 | D:8      | Found an ornate altar of the Wu Jian Council.
  9040 | Lair:1   | Reached XP level 11. HP: 28/51 MP: 12/12
  9063 | Lair:1   | HP: 38/76 [poisoned by a spiny frog]
  9066 | Lair:1   | Reached skill level 1 in Evocations
  9068 | Lair:1   | HP: 25/76 [poisoned by a spiny frog]
  9072 | Lair:1   | HP: 12/51 [poisoned by a spiny frog]
  9077 | Lair:1   | HP: 7/51 [poisoned by a spiny frog]
  9083 | Lair:1   | HP: 4/51 [poisoned by a spiny frog]
  9090 | Lair:1   | HP: 3/51 [poisoned by a spiny frog]
  9095 | Lair:1   | HP: 2/51 [poisoned by a spiny frog]
  9687 | Lair:1   | Reached skill level 12 in Unarmed Combat
 10250 | Lair:1   | HP: 26/52 [poisoned by a water moccasin]
 10258 | Lair:1   | HP: 25/52 [poisoned by a water moccasin]
 10579 | Lair:1   | Found the +8 whip "Snakebite" {curare, rPois}
 10808 | Lair:2   | HP: 31/78 [komodo dragon (18)]
 10992 | Lair:2   | Noticed Erica
 10997 | Lair:2   | Found a staircase to the Snake Pit.
 10999 | Lair:2   | Killed Erica
 11278 | Lair:2   | Noticed Fannar
 11308 | Lair:2   | Killed Fannar
 11624 | Lair:2   | Gained mutation: Your thick and shaggy fur keeps you warm. (AC +3, rC+) [Felid growth]
 11624 | Lair:2   | Reached XP level 12. HP: 39/56 MP: 16/16
 11627 | Lair:2   | HP: 27/56 [yak (5)]
 11630 | Lair:2   | HP: 1/56 [yak (16)]
 11632 | Lair:2   | Reached skill level 13 in Unarmed Combat
 12059 | Lair:2   | Noticed a catoblepas
 12066 | Lair:2   | Killed a catoblepas
 12559 | Snake:1  | Entered Level 1 of the Snake Pit
 12896 | Lair:3   | Noticed an eight-headed hydra
 12904 | Lair:3   | Noticed Harold
 12911 | Lair:3   | Reached skill level 5 in Evocations
 13060 | Lair:3   | HP: 22/57 [wolf (10)]
 13064 | Lair:3   | HP: 3/57 [Harold/bolt of fire (17)]
 13602 | Lair:3   | Killed an eight-headed hydra
 13608 | Lair:3   | HP: 16/57 [oklob plant/splash of acid (17)]
 13608 | Lair:3   | HP: 3/57 [acid (13)]
 14102 | Lair:3   | Killed Harold
 14351 | Lair:3   | Noticed a seven-headed hydra
 14439 | Lair:3   | HP: 42/85 [polar bear (26)]
 14776 | Lair:3   | Found a staircase to the Swamp.
 15010 | Lair:4   | Noticed Nessos
 15015 | Lair:4   | HP: 24/57 [Nessos/arrow (10)]
 15016 | Lair:4   | HP: 9/57 [Nessos (15)]
 15017 | Lair:4   | Noticed Nessos
 15017 | Lair:4   | Nessos changed into Nessos the fire crab
 15023 | Lair:4   | HP: 7/85 [spiny frog (7)]
 15024 | Lair:4   | Killed Nessos the fire crab
 15359 | Lair:4   | HP: 28/57 [porcupine's spines (13)]
 15377 | Lair:4   | HP: 26/57 [blink frog (17)]
 16035 | Lair:4   | Reached skill level 14 in Unarmed Combat
 16153 | Lair:4   | Noticed Rupert
 16223 | Lair:3   | Killed a seven-headed hydra
 16223 | Lair:3   | Reached XP level 13. HP: 61/61 MP: 18/18
 17100 | Lair:5   | Noticed Kirke
 17168 | Lair:5   | HP: 19/61 [komodo dragon (30)]
 17169 | Lair:5   | HP: 9/61 [hog[Kirke] (10)]
 17174 | Lair:4   | HP: 6/91 [hog[Kirke] (9)]
 17176 | Lair:4   | Mangled by a komodo dragon
 17177 | Lair:4   | Reached XP level 12. HP: -7/87 MP: 18/18
 17180 | Lair:4   | Reached skill level 10 in Fighting
 17275 | Swamp:1  | Entered Level 1 of the Swamp
 17299 | Lair:3   | HP: 24/58 [vampire mosquito (6)]
 17304 | Lair:3   | HP: 12/58 [vampire mosquito (3)]
 17306 | Lair:3   | HP: 2/58 [vampire mosquito (13)]
 17308 | Lair:3   | Slain by a vampire mosquito
 17309 | Lair:3   | Reached XP level 11. HP: 1/54 MP: 17/17
 17707 | Lair:5   | Killed Kirke
 18110 | Lair:5   | Noticed a five-headed hydra
 18169 | Lair:5   | Killed a five-headed hydra
 18519 | Lair:5   | HP: 27/54 [poisoned by a killer bee]
 18524 | Lair:4   | HP: 27/54 [poisoned by a killer bee]
 18525 | Lair:4   | Paralysed by Rupert for 2 turns
 18540 | Lair:4   | HP: 5/54 [Rupert/executioner's axe of electrocution (31)]
 18541 | Lair:4   | Demolished by Rupert

Skill      XL: |  1  2  3  4  5  6  7  8  9 10 11 12 13 |
---------------+----------------------------------------+-----
Unarmed Combat | 5 6 7 8 9 10 11 12 14 | 14.6
Stealth        | 1 3 4 6 8 10 11 12 13 | 13.4
Dodging        | 5 6 7 8 10 13 12 | 13.0
Fighting       | 4 5 6 7 8 10 | 10.3
Evocations     | 7 6 |  7.3

Action                   |  1- 3 |  4- 6 |  7- 9 | 10-12 | 13-15 || total
-------------------------+-------+-------+-------+-------+-------++-------
Melee: Unarmed           |    77 |   125 |   185 |   679 |    60 ||  1126
       Bite              |     2 |    11 |    26 |    80 |     9 ||   128
       Punch             |       |     1 |     8 |    48 |     4 ||    61
Invok: Berserk           |     4 |     9 |    12 |    32 |     6 ||    63
       Burn Spellbooks   |       |       |     1 |     1 |       ||     2
       Brothers in Arms  |       |       |       |     9 |       ||     9
       Trog's Hand       |       |       |       |     4 |       ||     4
Evoke: Wand              |       |       |       |     3 |       ||     3
  Use: Scroll            |    11 |     2 |     5 |    10 |       ||    28
       Potion            |       |       |       |     2 |       ||     2
 Stab: Sleeping          |     3 |     5 |     7 |    20 |     2 ||    37
       Distracted        |       |       |     2 |    10 |       ||    12
  Eat: Chunk             |    11 |    17 |    17 |    64 |     6 ||   115
Armor: Skin              |     3 |    13 |     6 |    28 |     2 ||    52
Dodge: Dodged            |    74 |    85 |   144 |   689 |   114 ||  1106

Vault maps used:
D:1:      scummos_arrival_simple_crosswalls
D:2:      xom_teletrap_fun
D:3:      first_ration, bloody_makhleb, uniq_crazy_yiuf_cottage
D:4:      corner_web_ring, kennysheep_generic_room_9
D:5:      kennysheep_mini_moat, lemuel_coloured_pillars_altar,
          lemuel_zombie_altar_yredelemnul, minmay_temple_entry_nine_rooms
D:6:      uniq_blork_the_orc, uniq_pikel
D:7:      grunt_livestock
D:8:      nicolae_overflow_hidden_temple, kennysheep_little_box,
          lemuel_doored_altar, minmay_small_thing, uniq_psyche
D:9:      nicolae_overflow_crystal_walls, erik_lair_island, uniq_gastronok
D:10:     orc_0_dummy, serial_column_ruins, column_ruins_hut_pillars,
          column_ruins_hut_ruined, column_ruins_open_tiny,
          column_ruins_corridor_straight, column_ruins_columns_straight,
          column_ruins_open_small, column_ruins_grid_4, grunt_qazlal_clouds,
          uniq_sonja
Lair:1:   minmay_guarded_unrand_snakebite
Lair:2:   dummy_snake_entry, grunt_forest_large_clearing_hut,
          grunt_megastairs_3, serial_bayou_shore_b, uniq_erica, uniq_fannar
Lair:3:   dpeg_oklob_shooting_range, minmay_swamp_entry_reptiles,
          forest_entry_grove, lemuel_fruit_tree, lemuel_fruit_fields,
          serial_bayou_shore_b, uniq_harold
Lair:4:   uniq_nessos, uniq_rupert
Lair:5:   regret_index_bee_streams, enter_volcano_2, minmay_lair_oklob_chamber,
          uniq_kirke
Swamp:1:  gammafunk_mikee_crab_dinner, serial_swamp_ruin,
          evilmike_swamp_ruin_house_3, evilmike_swamp_ruin_house_4,
          evilmike_swamp_ruin_house_5, infiniplex_staircase_pool
Snake:1:  basic_altar, minmay_shoptagon
